 Dungeon Crawl Stone Soup version 0.28.0-45-g0d030f2227 (webtiles) character file.

Game seed: 2749233575210550037

30342 Kaptain the Geomancer (level 13, -15/84 HPs)
             Began as a Gargoyle Earth Elementalist on Apr 18, 2022.
             Hit by a silver javelin thrown by a minotaur (22 damage)
             ... in a Gauntlet.
             The game lasted 00:33:54 (19309 turns).

Kaptain the Geomancer (GrEE)                       Turns: 19309, Time: 00:33:55

Health: -15/84     AC: 24    Str: 11    XL:     13   Next: 51%
Magic:  35/44      EV: 12    Int: 22    God:
Gold:   1140       SH:  5    Dex: 10    Spells: 27/31 levels left

rFire   + . .      SeeInvis .   r - +3 flail (protect)
rCold   + . .      Faith    .   h - +0 buckler {reflect}
rNeg    + . .      Spirit   .   p - +4 leather armour of the Endless Expanse {rElec rPois rC+}
rPois   ∞          Reflect  +   u - +1 helmet
rElec   +          Harm     .   s - +2 cloak
rCorr   +          Rampage  .   o - +0 pair of gloves
Will    .....      NoTele   +   (no boots)
Stlth   +.........              V - amulet of Dawn {rElec rF+ Regen+ rCorr Stlth-}
HPRegen 1.04/turn               e - ring of magical power
MPRegen 0.29/turn               f - ring of magical power

@: studying Axes, invisible
A: sickness immunity, AC +9, negative energy resistance 1, electricity
resistance, torment resistance 1, petrification resistance
a: no special abilities


You were in a Gauntlet.
You visited 3 branches of the dungeon, and saw 14 of its levels.
You also visited: Ossuary and Gauntlet.

You collected 1140 gold pieces.

Inventory:

Hand Weapons
 r - a +3 flail of protection (weapon)
 t - a +0 hunting sling
 x - a +2 vorpal war axe
 H - the +2 trident of the Dancing Pariah {freeze, rCorr}
   (You found it on level 6 of the Dungeon)

   It freezes those it strikes, dealing additional cold damage.
   It can also slow down cold-blooded creatures.
   rCorr:     It protects you from acid and corrosion.
 U - a +5 vorpal hand crossbow
Missiles
 c - 430 stones
 G - 49 sling bullets
Armour
 h - a +0 buckler of reflection (worn)
 o - a +0 pair of gloves (worn)
 p - the +4 leather armour of the Endless Expanse (worn) {rElec rPois rC+}
   (You found it on level 2 of the Dungeon)

   rC:        It protects you from cold.
   rElec:     It insulates you from electricity.
   rPois:     It protects you from poison.
 q - a +2 robe of resistance
 s - a +2 cloak (worn)
 u - a +1 helmet (worn)
 K - a +0 troll leather armour
 L - +0 steam dragon scales
Magical Staves
 W - a staff of fire
Jewellery
 e - a ring of magical power (left hand)
 f - a ring of magical power (right hand)
 k - a ring of flight
 n - an amulet of regeneration
 y - a ring of resist corrosion
 V - the amulet of Dawn (around neck) {rElec rF+ Regen+ rCorr Stlth-}
   (You found it in a Gauntlet)

   [amulet of regeneration]

   rF:        It protects you from fire.
   rElec:     It insulates you from electricity.
   Regen:     It increases your rate of health regeneration.
   rCorr:     It protects you from acid and corrosion.
   Stlth:     It makes you less stealthy.
Wands
 w - a wand of iceblast (29)
 I - a wand of flame (25)
 N - a wand of polymorph (6)
 S - a wand of paralysis (7)
Scrolls
 i - 2 scrolls of amnesia
 l - 2 scrolls of teleportation
 m - a scroll of summoning
 v - 3 scrolls of identify
 A - 2 scrolls of enchant weapon
 D - 2 scrolls of vulnerability
 F - a scroll of fear
 M - 2 scrolls of fog
 T - 4 scrolls of immolation {unknown}
Potions
 a - 7 potions of lignification
 b - 3 potions of heal wounds
 d - 4 potions of curing
 j - 2 potions of might
 z - 2 potions of ambrosia
 B - 2 potions of mutation
 C - 3 potions of magic
 E - 5 potions of haste
 J - a potion of cancellation
 O - 2 potions of flight
 P - 2 potions of brilliance
 R - a potion of berserk rage


   Skills:
 * Level 11.1 Fighting
 + Level 3.0 Axes
 + Level 7.8 Armour
 - Level 5.0 Dodging
 - Level 2.1 Stealth
 - Level 5.0 Shields
 * Level 9.5 Spellcasting
 * Level 11.1 Conjurations
 - Level 0.7 Transmutations
 * Level 12.6 Earth Magic


You had 27 spell levels left.
You knew the following spells:

 Your Spells              Type           Power      Damage    Failure   Level
a - Sandblast             Erth           100%       2d20      1%          1
b - Stone Arrow           Conj/Erth      100%       3d13      1%          3

Your spell library contained the following spells:

 Spells                   Type           Power      Damage    Failure   Level
 Foxfire                  Conj/Fire      100%       2x1d9     1%          1
 Passwall                 Tmut/Erth      32%        N/A       1%          2
 Conjure Flame            Conj/Fire      35%        6-21      3%          3
 Iskenderun's Battlesphe  Conj           56%        2d11      3%          5
 Petrify                  Tmut/Erth      39%        N/A       7%          4
 Sticky Flame             Conj/Fire      35%        2d5       11%         4
 Corpse Rot               Necr/Air       20%        N/A       16%         2
 Ensorcelled Hibernation  Hex/Ice        20%        N/A       16%         2
 Poisonous Vapours        Pois/Air       20%        N/A       16%         2
 Ignite Poison            Fire/Tmut/Pois 11%        N/A       28%         3
 Fireball                 Conj/Fire      17%        3d9       28%         5
 Confusing Touch          Hex            10%        N/A       30%         3
 Swiftness                Air            10%        N/A       30%         3
 Orb of Destruction       Conj           28%        9d9       65%         7
 Conjure Ball Lightning   Conj/Air       17%        3x3d6     85%         6
 Yara's Violent Unravell  Hex/Tmut       6%         3d5       94%         5
 Summon Forest            Summ/Tloc      5%         N/A       96%         5
 Summon Mana Viper        Hex/Summ       10%        N/A       96%         5
 Lehudib's Crystal Spear  Conj/Erth      29%        10d8      99%         8
 Summon Cactus Giant      Summ           5%         N/A       100%        6
 Enfeeble                 Hex            5%         N/A       100%        7


Dungeon Overview and Level Annotations

Branches:
Dungeon (10/15)            Temple (1/1) D:6            Lair (3/6) D:10
    Orc (0/2) D:10        Ossuary (visited)         Gauntlet (1/1)
  Swamp: Lair:2-4    Shoals: Lair:2-4     Snake: Lair:2-4    Spider: Lair:2-4

Altars:
Ashenzari
Cheibriados
Dithmenos
Elyvilon
Fedhas
Gozag
Hepliaklqana
Kikubaaqudgha
Makhleb
Nemelex Xobeh
Okawaru
Qazlal
Ru
Sif Muna
Trog
Uskayaw
Vehumet
Wu Jian
Xom
Yredelemnul
Zin
The Shining One

Shops:
D:3 (

Annotations:
D:4 2 transporters, duchin's ghost, amateur DrVM Gauntlet 8 transporters


Innate Abilities, Weirdness & Mutations

You are immune to sickness and miasma.
Your stone body is resilient. (AC +9)
You are immune to poison.
You resist negative energy. (rN+)
You are resistant to electric shocks. (rElec)
You are resistant to unholy torment.
You are immune to petrification.


Message History

Aim: a minotaur, wielding the +8 demon trident "Rift" {distort, reach+}, wearing a +0 plate armour and quivering silver javelins (lightly wounded, fast, 89% to hit)
The stone arrow hits the minotaur.
The minotaur is lightly wounded.
The minotaur hits you from afar with the +8 demon trident "Rift" {distort, reach+}!
Space warps around you.
Casting: Stone Arrow (safe; 1% risk of failure)
Confirm with . or Enter, or press ? or * to list all spells.
Aiming: Stone Arrow (safe; 1% risk of failure)
Press: ? - help, Shift-Dir - straight line, f/p - minotaur
Aim: a minotaur, wielding the +8 demon trident "Rift" {distort, reach+}, wearing a +0 plate armour and quivering silver javelins (lightly wounded, fast, 89% to hit)
The stone arrow hits the minotaur!
The minotaur is moderately wounded.
The minotaur throws a silver javelin.
The silver javelin pierces through you.
The minotaur hits you from afar with the +8 demon trident "Rift" {distort, reach+}!!
Casting: Stone Arrow (safe; 1% risk of failure)
Confirm with . or Enter, or press ? or * to list all spells.
Aiming: Stone Arrow (safe; 1% risk of failure)
Press: ? - help, Shift-Dir - straight line, f/p - minotaur
Aim: a minotaur, wielding the +8 demon trident "Rift" {distort, reach+}, wearing a +0 plate armour and quivering silver javelins (lightly wounded, fast, 89% to hit)
The stone arrow hits the minotaur but does no damage.
The minotaur is lightly wounded.
The minotaur barely misses you.
You feel much better.
The minotaur hits you from afar with the +8 demon trident "Rift" {distort, reach+}!!
Space warps horribly around you!
* * * LOW HITPOINT WARNING * * *
The minotaur throws a silver javelin.
The silver javelin pierces through you!!
* * * LOW HITPOINT WARNING * * *
x2 You close the door.
You fade into invisibility!
A minotaur opens the door.
The minotaur completely misses you.
Press: ? - help, v - describe, . - travel
Here: a minotaur, wielding the +8 demon trident "Rift" {distort, reach+}, wearing a +0 plate armour and quivering silver javelins (lightly wounded, fast)
The floor.
Okay, then.
The minotaur throws a silver javelin.
The silver javelin closely misses you.
The minotaur throws a silver javelin.
The silver javelin pierces through you!!
You die...

##...#YS.... #≈...#######
###### ##.......... #....#
.####.8.....8.
#.##.##..##≈.........
#.##......##...######
#.##.##....#...#[##©. # #
#.H..##.©8.#...#!(##.
#≈≈.#.#.##@##....#...#33.#.
#≈∩...'.##....©8.#.8.#3##.#
#≈≈.#.#.##.##....#...###.#.
#≈ #.#....##.©8.#...##..##
# #.##.##....#...#.333#
#.##......##...######
#.##.##..##≈.........
#....##.####.8.....8.
###########..........


You could see a minotaur (fast).

Vanquished Creatures
  2 boulder beetles (D:9)
  2 hydras
  A catoblepas (D:9)
  A centaur warrior (D:9)
  3 two-headed ogres
  Sonja (Lair:1)
  A wizard (D:9)
  Pikel (D:4)
  2 cyclopes (D:9)
  An ugly thing (D:9)
  3 elephants
  Maurice (D:8)
  A black mamba (Lair:1)
  A torpor snail (Gauntlet)
  Psyche (D:9)
  7 cane toads
  Maggie (D:7)
  2 rime drakes
  A komodo dragon (Lair:1)
  A troll (shapeshifter) (D:9)
  Grinder (D:4)
  4 trolls
  A meliai (D:9)
  4 slime creatures (D:10)
  2 hornets
  5 blink frogs
  A centaur simulacrum (Gauntlet)
  Sigmund (D:4)
  2 wraiths (D:9)
  A wyvern (D:4)
  34 yaks
  Grum (D:8)
  A redback simulacrum (Gauntlet)
  An acid dragon (D:10)
  8 water moccasins
  2 orc warriors
  Duvessa (D:4)
  2 hornet zombies
  An ice dragon simulacrum (Gauntlet)
  A black bear (D:4)
  A meliai simulacrum (Gauntlet)
  2 ice beasts
  A necrophage (D:4)
  2 ogres
  A boggart (D:9)
  3 centaurs
  4 wolves (D:8)
  A phantom (D:2)
  A lemure (D:4)
  A kobold brigand (D:8)
  7 bullfrogs
  A gnoll sergeant (D:9)
  3 scorpions
  An elf zombie (Ossuary)
  2 wyvern skeletons
  A water moccasin zombie (D:5)
  Dowan (D:4)
  A water moccasin skeleton (D:5)
  46 killer bees
  3 wights (D:10)
  A bullfrog zombie (D:5)
  7 centaur zombies
  A jelly (D:7)
  6 human zombies (Ossuary)
  Crazy Yiuf (D:6)
  A gnoll shaman (D:7)
  9 orc priests
  2 hounds (D:6)
  2 centaur skeletons
  A bullfrog skeleton (D:5)
  5 hell rats (Lair:2)
  8 orc wizards
  3 mummies (Ossuary)
  3 howler monkey zombies
  Robin (D:3)
  6 adders
  13 gnolls
  2 shadow imps
  A white imp (D:5)
  An ufetubus (D:4)
  3 worms
  2 dart slugs
  38 orcs
  7 ball pythons
  7 endoplasms
  10 giant cockroaches
  26 goblins
  9 hobgoblins
  3 jackals (D:3)
  6 quokkas
  6 bats
  7 frilled lizards
  6 kobolds
  7 rats
  A butterfly (Lair:1)
403 creatures vanquished.

Vanquished Creatures (others)
  11 fungi
  31 plants
42 creatures vanquished.

Grand Total: 445 creatures vanquished

Notes
Turn   | Place    | Note
-------+----------+-------------------------------------------
     0 | D:1      | Kaptain the Gargoyle Earth Elementalist began the quest for
                  | the Orb.
     0 | D:1      | Reached XP level 1. HP: 10/10 MP: 3/3
   177 | D:1      | Reached XP level 2. HP: 16/16 MP: 1/5
   437 | D:1      | Reached skill level 1 in Conjurations
   444 | D:1      | Reached XP level 3. HP: 17/20 MP: 6/6
   448 | D:1      | Learned a level 3 spell: Stone Arrow
   594 | D:1      | Reached skill level 1 in Fighting
  1179 | D:2      | Reached skill level 4 in Earth Magic
  1283 | D:2      | Reached skill level 1 in Armour
  1283 | D:2      | Reached XP level 4. HP: 16/25 MP: 0/7
  1404 | D:2      | Found a hazy altar of Hepliaklqana.
  1595 | D:2      | Noticed a phantom
  1602 | D:2      | Killed a phantom
  1603 | D:2      | Reached XP level 5. HP: 20/30 MP: 2/9
  1801 | D:2      | Found a faded altar of an unknown god.
  2294 | D:2      | Identified the +0 robe "Ytugaabi" {Str+3}
  2297 | D:2      | Identified the +4 leather armour of the Endless Expanse
                  | {rElec rPois rC+}
  3065 | D:3      | Found Suacim's Antique Weapon Shoppe.
  3094 | D:3      | Reached XP level 6. HP: 36/36 MP: 10/10
  3200 | D:3      | Found a glowing golden altar of the Shining One.
  3218 | D:3      | Found a radiant altar of Vehumet.
  3414 | D:3      | Noticed Robin
  3448 | D:3      | Killed Robin
  3725 | D:3      | Found an ornate altar of the Wu Jian Council.
  3937 | D:4      | Noticed Pikel
  3966 | D:4      | Killed Pikel
  3967 | D:4      | Reached skill level 5 in Earth Magic
  3967 | D:4      | Reached XP level 7. HP: 14/42 MP: 4/12
  4208 | D:4      | Noticed Duvessa
  4219 | D:4      | Noticed Dowan
  4223 | D:4      | Killed Duvessa
  4224 | D:4      | Reached skill level 6 in Earth Magic
  4224 | D:4      | Reached XP level 8. HP: 11/48 MP: 11/14
  4228 | D:4      | Killed Dowan
  4487 | D:4      | Noticed Sigmund
  4637 | D:4      | Killed Sigmund
  4723 | D:4      | Noticed Grinder
  4743 | D:4      | Killed Grinder
  4744 | D:4      | Reached skill level 5 in Fighting
  4744 | D:4      | Reached skill level 5 in Conjurations
  4918 | D:4      | Found a shimmering blue altar of Sif Muna.
  5099 | D:4      | Noticed a wyvern
  5103 | D:4      | Killed a wyvern
  5104 | D:4      | Reached skill level 7 in Earth Magic
  5104 | D:4      | Reached XP level 9. HP: 54/54 MP: 15/16
  5175 | D:4      | Found a transporter.
  5176 | D:4      | Found a transporter.
  5185 | D:4      | Noticed duchin's ghost (amateur DrVM)
  5188 | D:4      | Identified the +6 great mace of Evil {drain, rC- Str+4
                  | Int+10 SInv}
  5219 | D:5      | Entered Level 5 of the Dungeon
  5223 | D:5      | Reached skill level 5 in Spellcasting
  6778 | D:6      | Reached skill level 8 in Earth Magic
  6810 | D:6      | Got Qetujat's Papyrus of Air and Arcane Weapons
  6933 | D:6      | Found a staircase to the Ecumenical Temple.
  6943 | Temple   | Entered the Ecumenical Temple
  7269 | D:6      | Identified the +2 trident of the Dancing Pariah {freeze,
                  | rCorr}
  7521 | D:6      | Found a runed translucent door.
  7522 | D:6      | Noticed Crazy Yiuf
  7604 | D:6      | Reached XP level 10. HP: 35/61 MP: 18/18
  7818 | D:6      | Killed Crazy Yiuf
  8153 | D:7      | Found an ancient bone altar of Kikubaaqudgha.
  8153 | D:7      | Found a hazy altar of Hepliaklqana.
  8155 | D:7      | Found a sacrificial altar of Ru.
  8155 | D:7      | Found a shimmering altar of Xom.
  8157 | D:7      | Found a broken altar of Ashenzari.
  8157 | D:7      | Found a white marble altar of Elyvilon.
  8753 | D:7      | Noticed Maggie
  8762 | D:7      | Killed Maggie
  9067 | D:7      | Reached skill level 5 in Armour
  9557 | D:7      | Found an iron altar of Okawaru.
  9682 | D:8      | Identified a scroll of acquirement
  9682 | D:8      | Acquired a +0 buckler of reflection
  9692 | D:8      | Noticed Maurice
  9698 | D:8      | Killed Maurice
  9699 | D:8      | Reached skill level 9 in Earth Magic
  9710 | D:8      | Noticed a two-headed ogre
  9715 | D:8      | Killed a two-headed ogre
  9716 | D:8      | Reached skill level 1 in Shields
  9774 | D:8      | Found a sand-covered staircase.
  9783 | Ossuary  | Entered an ossuary
 10436 | D:8      | Noticed Grum
 10447 | D:8      | Reached XP level 11. HP: 63/68 MP: 12/21
 10464 | D:8      | Killed Grum
 10812 | D:8      | Found a sparkling altar of Nemelex Xobeh.
 11481 | D:9      | Noticed a two-headed ogre
 11486 | D:9      | Killed a two-headed ogre
 11552 | D:9      | Noticed a brown ugly thing
 11560 | D:9      | Killed a brown ugly thing
 11613 | D:9      | Noticed Psyche
 11618 | D:9      | Killed Psyche
 11631 | D:9      | Reached skill level 10 in Earth Magic
 11747 | D:9      | Noticed a centaur warrior
 11755 | D:9      | Killed a centaur warrior
 11905 | D:9      | Noticed a wizard
 11921 | D:9      | Killed a wizard
 12017 | D:9      | Noticed a cyclops
 12021 | D:9      | Killed a cyclops
 12213 | D:9      | Noticed a two-headed ogre
 12218 | D:9      | Killed a two-headed ogre
 12219 | D:9      | Reached skill level 5 in Dodging
 12461 | D:9      | Noticed a catoblepas
 12467 | D:9      | Noticed a cyclops
 12470 | D:9      | Killed a catoblepas
 12477 | D:9      | Reached XP level 12. HP: 76/76 MP: 11/23
 12894 | D:9      | Noticed a boulder beetle
 12903 | D:9      | Killed a boulder beetle
 13173 | D:9      | Noticed a boulder beetle
 13183 | D:9      | Killed a boulder beetle
 13184 | D:9      | Reached skill level 11 in Earth Magic
 13456 | D:10     | Entered Level 10 of the Dungeon
 13466 | D:10     | Found a staircase to the Orcish Mines.
 13879 | D:10     | Found a bloodstained altar of Trog.
 13926 | D:10     | Found a staircase to the Lair.
 14574 | D:10     | Reached skill level 10 in Conjurations
 14983 | Lair:1   | Entered Level 1 of the Lair of Beasts
 14986 | Lair:1   | Reached skill level 10 in Fighting
 15375 | Lair:1   | Noticed Sonja
 15381 | Lair:1   | Killed Sonja
 15743 | Lair:1   | Noticed a five-headed hydra
 15755 | Lair:1   | Killed a five-headed hydra
 15756 | Lair:1   | Reached skill level 5 in Shields
 15759 | Lair:1   | Reached XP level 13. HP: 71/83 MP: 15/26
 15761 | Lair:1   | Reached skill level 1 in Axes
 16132 | Lair:1   | Reached skill level 12 in Earth Magic
 18716 | Lair:3   | Found a gate leading to a gauntlet.
 18728 | Gauntlet | Entered a Gauntlet
 18728 | Gauntlet | Found a transporter.
 18768 | Gauntlet | Found a transporter.
 18785 | Gauntlet | Found a transporter.
 18788 | Gauntlet | Found a transporter.
 18798 | Gauntlet | Found a transporter.
 18812 | Gauntlet | Noticed a great orb of eyes
 18821 | Gauntlet | Found a transporter.
 18825 | Gauntlet | Found a transporter.
 18825 | Gauntlet | a great orb of eyes changed into a jorogumo
 18828 | Gauntlet | Found a transporter.
 18830 | Gauntlet | Noticed a fire dragon
 18830 | Gauntlet | a goliath frog changed into a fire dragon
 18835 | Gauntlet | Noticed a spark wasp
 18835 | Gauntlet | a fire dragon changed into a spark wasp
 18836 | Gauntlet | Noticed an entropy weaver
 18836 | Gauntlet | a spark wasp changed into an entropy weaver
 18837 | Gauntlet | Noticed a dire elephant
 18837 | Gauntlet | an entropy weaver changed into a dire elephant
 18839 | Gauntlet | Noticed a fenstrider witch
 18839 | Gauntlet | a dire elephant changed into a fenstrider witch
 18841 | Gauntlet | Noticed a quicksilver dragon
 18841 | Gauntlet | a fenstrider witch changed into a quicksilver dragon
 18842 | Gauntlet | Noticed an eleionoma
 18842 | Gauntlet | a quicksilver dragon changed into an eleionoma
 18851 | Gauntlet | Found a transporter.
 18856 | Gauntlet | Found a transporter.
 18860 | Gauntlet | Found a transporter.
 18868 | Gauntlet | Found a transporter.
 18935 | Gauntlet | Noticed a great orb of eyes
 18935 | Gauntlet | a death yak changed into a great orb of eyes
 18945 | Gauntlet | Noticed a broodmother
 18945 | Gauntlet | a great orb of eyes changed into a broodmother
 18946 | Gauntlet | a broodmother changed into a satyr
 18948 | Gauntlet | Noticed an ettin
 18948 | Gauntlet | a satyr changed into an ettin
 18949 | Gauntlet | Noticed an ice dragon
 18949 | Gauntlet | an ettin changed into an ice dragon
 18950 | Gauntlet | an ice dragon changed into a boulder beetle
 18963 | Gauntlet | Noticed a spark wasp
 18963 | Gauntlet | an alligator changed into a spark wasp
 18964 | Gauntlet | a spark wasp changed into a boulder beetle
 18968 | Gauntlet | Noticed an entropy weaver
 18968 | Gauntlet | a radroach changed into an entropy weaver
 19270 | Gauntlet | Identified the amulet of Dawn {rElec rF+ Regen+ rCorr
                  | Stlth-}
 19298 | Gauntlet | Noticed a minotaur
 19303 | Gauntlet | HP: 3/84 [minotaur/silver javelin (19)]
 19303 | Gauntlet | HP: 1/84 [minotaur/silver javelin (2)]
 19309 | Gauntlet | Hit by a silver javelin thrown by a minotaur

Illustrated notes

Levels and vault maps discovered:
D:1:      giann_forest_graveyard, layout_loops_ring, minmay_octomino_c4
D:2:      minmay_roachtagon, layout_loops_corners, basic_altar,
          shapermc_ecumenical_altar_acropolis
D:3:      kennysheep_goblin_castle, layout_basic, mainiacjoe_overflow_alcove_4,
          mainiacjoe_overflow_swirl, serial_shops, nicolae_shop_waterfront,
          minmay_misc_feat_chi, guppyfry_early_orc_mine
D:4:      layout_basic, lemuel_doored_altar, gammafunk_ghost_smash,
          minmay_quantized, uniq_sigmund, uniq_duvessa, uniq_grinder, uniq_pikel
D:5:      layout_basic
D:6:      layout_basic, temple_green, grunt_ministairs_2,
          uniq_crazy_yiuf_cottage
D:7:      layout_layer_cave, kennysheep_little_box, grunt_temple_overflow_open,
          uniq_maggie
D:8:      layout_loops_ring, nemelex_spade_bored_becter,
          nicolae_ossuary_entry_monument, minmay_puff, uniq_grum, uniq_maurice
D:9:      layout_gridville, minivault_28, uniq_psyche
D:10:     layout_long_grid, kennysheep_mini_moat, david_orc_2,
          minmay_statues_item
Temple:   compressed_dpeg_triangle_lava_temple
Lair:1:   layout_regular_city, lemuel_fruit_fields, uniq_sonja
Lair:2:   wad_woods_minihive, layout_gridlike, serial_bayou_shore_b
Lair:3:   layout_long_grid, gauntlet_entry_generic,
          eino_small_chamber_without_monster, uniq_snorg, uniq_nergalle
Gauntlet: minmay_gauntlet_mixed_oops_all_seconds [minmay_gauntlet_arena_77_mess,
          nicolae_gauntlet_arena_blocks, minmay_gauntlet_arena_77_checkered,
          gammafunk_gauntlet_arena_grid, minmay_gauntlet_arena_77_fan,
          gammafunk_gauntlet_arena_spirals, gauntlet_exit_watery]

Skill      XL: |  1  2  3  4  5  6  7  8  9 10 11 12 13 |
---------------+----------------------------------------+-----
Conjurations   | 1 2 3 4 5 6 8 9 10 11 | 11.1
Fighting       | 1 2 3 4 5 6 7 9 10 11 | 11.1
Earth Magic    | 4 5 6 7 8 9 10 11 12 | 12.6
Armour         | 1 2 3 4 5 6 7 |  7.8
Dodging        | 2 3 4 5 |  5.0
Spellcasting   | 3 4 5 6 7 9 |  9.5
Shields        | 1 3 5 |  5.0
Axes           | 3 |  3.0
Stealth        | |  2.1
Transmutations | |  0.7

Action                   |  1- 3 |  4- 6 |  7- 9 | 10-12 | 13-15 || total
-------------------------+-------+-------+-------+-------+-------++-------
Melee: Whip              |    90 |    30 |       |       |       ||   120
       Punch             |     2 |     1 |       |       |       ||     3
       Flail             |       |    21 |    37 |   115 |     2 ||   175
 Cast: Sandblast         |    19 |    80 |    44 |    60 |    39 ||   242
       Stone Arrow       |       |       |    71 |   318 |   141 ||   530
  Use: Potion            |       |       |     2 |       |     2 ||     4
       Scroll            |       |       |     2 |    19 |     1 ||    22
Armor: Leather armour    |    29 |    52 |    77 |   176 |    92 ||   426
       Skin              |       |       |     8 |       |       ||     8
Dodge: Dodged            |    61 |    71 |    71 |   178 |    94 ||   475
Block: Buckler           |       |       |       |    53 |    31 ||    84
       Reflection        |       |       |       |     1 |       ||     1
